 Dungeon Crawl Stone Soup version 0.30-a0-439-g9e77e4d916 (webtiles) character file.

Game seed: 4013251875375813877

43649 kae the Transmogrifier (level 13, -4/135 HPs)
             Began as a Red Draconian Transmuter on Dec 10, 2022.
             Was a Follower of Ru.
             Slain by a komodo dragon (13 damage)
             ... on level 3 of the Lair of Beasts.
             The game lasted 00:21:51 (18692 turns).

kae the Transmogrifier (Red Draconian Transmuter)  Turns: 18692, Time: 00:21:51

Health: -4/135     AC: 30    Str: 13    XL:     13   Next: 92%
Magic:  22/24      EV: 14    Int: 15    God:    Ru [*.....]
Gold:   1204       SH:  0    Dex: 13    Spells: 11/27 levels left

rFire   + . .      SeeInvis .      - Unarmed
rCold   . . .      Faith    +    (no shield)
rNeg    + . .      Spirit   .    (body armour unavailable)
rPois   ∞          Reflect  .    B - +2 hat
rElec   +          Harm     .    (no cloak)
rCorr   .          Rampage  .    (gloves currently unavailable)
Will    .....                    (boots currently unavailable)
Stlth   +.........               T - amulet of faith {!P}
HPRegen 0.42/turn                O - +4 ring of protection
MPRegen 0.19/turn                Z - ring of wizardry

@: statue-form, wereblooded, very slow
A: slow and powerful, torment resistance 1, boosted hp, (breathe fire), AC +8,
unfitting armour, dopey 1, fire resistance 1, screaming 1, cold-blooded
a: End Transformation, Renounce Religion, Sacrifice Artifice, Sacrifice
Nimbleness, Sacrifice Arcana, Reject Sacrifices


You were on level 3 of the Lair of Beasts.
You worshipped Ru.
Ru was aware of your devotion.
You were a living statue of rough stone.
You visited 3 branches of the dungeon, and saw 17 of its levels.

You collected 1204 gold pieces.


Innate Abilities, Weirdness & Mutations

You are a living statue of rough stone.
Your actions are slow, but your melee attacks are powerful.
You are resistant to unholy torment.
Your maximum health is greatly increased.
You are immune to poison.
Your equipment is partially melded.
((You can breathe blasts of fire.))
((Your fiery red scales are hard. (AC +8)))
You cannot fit into any form of body armour.
You are dopey. (Int -2)
Your flesh is heat resistant. (rF+)
You occasionally shout uncontrollably at your foes.
You are cold-blooded and may be slowed by cold attacks.


   Skills:
 + Level 6.6 Fighting
 + Level 5.8 Dodging
 + Level 10.6 Unarmed Combat
 - Level 7.7 Spellcasting
 - Level 12.0 Transmutations
 - Level 4.2 Ice Magic
 - Level 12.0 Earth Magic
 - Level 1.8 Poison Magic


You had 11 spell levels left.
You knew the following spells:

 Your Spells              Type           Power      Damage    Failure   Level
a - Beastly Appendage     Tmut           82%        N/A       1%          1
b - Wereblood             Tmut           41%        N/A       1%          2
c - Spider Form           Tmut/Pois      26%        N/A       1%          3
d - Ice Form              Ice/Tmut       30%        N/A       1%          4
e - Statue Form           Tmut/Erth      27%        N/A       6%          6

Your spell library contained the following spells:

 Spells                   Type           Power      Damage    Failure   Level
 Petrify                  Tmut/Erth      41%        N/A       1%          4
 Slow                     Hex            20%        N/A       4%          1
 Summon Small Mammal      Summ           20%        N/A       4%          1
 Call Canine Familiar     Summ           5%         N/A       16%         3
 Confusing Touch          Hex            5%         N/A       16%         3
 Summon Guardian Golem    Hex/Summ       5%         N/A       16%         3
 Vampiric Draining        Necr           5%         2d6       16%         3
 Summon Ice Beast         Ice/Summ       12%        N/A       21%         4
 Metabolic Englaciation   Hex/Ice        6%         N/A       47%         5
 Iron Shot                Conj/Erth      11%        9d3       52%         6
 Iskenderun's Battlesphe  Conj           5%         2d6       77%         5
 Summon Mana Viper        Hex/Summ       5%         N/A       77%         5
 Monstrous Menagerie      Summ           2%         N/A       100%        7
 Spellforged Servitor     Conj/Summ      2%         N/A       100%        7

Inventory:

Missiles
 a - 4 throwing nets {=f!f}
 b - 145 stones
 e - 16 poisoned darts
 f - 8 boomerangs
 z - 5 curare-tipped darts {=f}
 J - 4 javelins
Armour
 B - a +2 hat (worn)
   (You took it off Gastronok on level 10 of the Dungeon)
Magical Staves
 n - a staff of fire {!a}
   (You found it on level 6 of the Dungeon)
 D - a staff of death {!a}
   (You found it on level 10 of the Dungeon)
Jewellery
 G - an amulet of guardian spirit
   (You took it off a kobold brigand on level 4 of the Dungeon)
 N - a ring of positive energy
   (You took it off an orc on level 8 of the Dungeon)
 O - a +4 ring of protection (left fist)
   (You took it off a kobold on level 4 of the Dungeon)
 T - an amulet of faith (around neck) {!P}
   (You found it on level 6 of the Dungeon)
 Z - a ring of wizardry (right fist)
   (You found it on level 11 of the Dungeon)
Wands
 c - a wand of mindburst (13)
   (You took it off Maurice on level 8 of the Dungeon)
 g - a wand of flame (31)
   (You took it off a kobold brigand on level 4 of the Dungeon)
 y - a wand of iceblast (9)
   (You found it on level 9 of the Dungeon)
 C - a wand of charming (4)
   (You found it on level 11 of the Dungeon)
Scrolls
 h - 3 scrolls of magic mapping {!r}
 i - a scroll of fear
 k - 4 scrolls of immolation {!r!r}
 l - 2 scrolls of poison {!r}
 p - 2 scrolls of enchant weapon
 r - a scroll of blinking {!r}
 w - a scroll of enchant armour
 A - a scroll of silence {!r}
 H - 5 scrolls of teleportation {@r4}
Potions
 d - 2 potions of flight
 j - 2 potions of might
 m - 8 potions of curing {@q1}
 o - 2 potions of magic
 q - a potion of attraction {!q}
 s - 4 potions of resistance
 t - 2 potions of ambrosia
 u - 2 potions of mutation {!q}
 v - 3 potions of lignification {!q}
 x - 3 potions of haste {@q3}
 E - 2 potions of heal wounds {@q2}
 F - a potion of invisibility
 K - a potion of cancellation
 L - a potion of brilliance

Dungeon Overview and Level Annotations

Branches:
Dungeon (13/15) Zot: 26524  Temple (1/1) D:6 Zot: 5938    Lair (3/5) D:11 Zot: 15471
  Snake (0/4) Lair:2          Orc (0/2) D:11
  Swamp: Lair:2-3    Shoals: Lair:2-3    Vaults: D:13-14

Altars:
Ashenzari
Cheibriados
Dithmenos
Elyvilon
Fedhas
Gozag
Hepliaklqana
Kikubaaqudgha
Makhleb
Nemelex Xobeh
Okawaru
Qazlal
Ru
Sif Muna
Trog
Uskayaw
Vehumet
Wu Jian
Xom
Yredelemnul
Zin
The Shining One

Shops:
D:9 !   D:11 (   D:13 *

Annotations:
D:2 1 runed translucent door, Crazy Yiuf
D:4 3 runed translucent doors, crasatator's ghost, novice OpFi
D:13 exclusion: tengu warrior

#...............[..#
#...........#.......
#.......#..<†#
###......##...##
.#........P....#
..............## .
..............##..
........Y..........
.......8l..........
.#####.YY...........
##..P.#......#.
#...######..# #..##
..# ....# .# .#...#
. .#... .#....


You could see 3 elephants and a komodo dragon.


Message History

The elephant tramples you but does no damage.
The elephant trunk-slaps you but does no damage.
The komodo dragon closely misses you.
The elephant tramples you but does no damage.
The elephant trunk-slaps you.
* * * LOW HITPOINT WARNING * * *
The elephant tramples the fungus.
The elephant trunk-slaps the fungus. 😨 HP[-2]
You take 2 damage, and now have 63/133 hp.
Unknown command.
You punch the elephant! x2; You feel a bit better.
You kill the elephant!
The elephant tramples the fungus.
The elephant trunk-slaps the fungus.
The elephant closely misses you. The elephant completely misses you.
The komodo dragon bites you!
* * * LOW HITPOINT WARNING * * *
The elephant tramples you but does no damage.
The elephant trunk-slaps you but does no damage. 😨 HP[-14]
You now have 135 max hp (+2).
You take 14 damage, and now have 49/135 hp.
You pummel the elephant!!
You tail-slap the elephant, but do no damage.
You howl as the wereblood boils in your veins!
You hear a bellow!
The elephant tramples the fungus!
The elephant trunk-slaps the fungus.
The elephant tramples you but does no damage.
The elephant trunk-slaps you.
* * * LOW HITPOINT WARNING * * *
The elephant tramples you but does no damage.
The elephant trunk-slaps you but does no damage.
The komodo dragon bites you but does no damage.
The elephant barely misses you.
The elephant trunk-slaps you but does no damage.
The komodo dragon misses you.
You redirect the elephant's attack!
The elephant tramples the elephant!
The elephant stumbles backwards! 😨 HP[-4]
You take 4 damage, and now have 45/135 hp.
You hit the elephant but do no damage.
A nearby fungus withers and dies.
The elephant tramples you but does no damage.
The elephant trunk-slaps you but does no damage.
The elephant misses you.
The elephant trunk-slaps you but does no damage.
The komodo dragon closely misses you. 😨 HP[+1] MP[+1]
You barely miss the komodo dragon.
The elephant tramples you but does no damage.
The elephant misses you. x2; The elephant closely misses you.
The komodo dragon bites you!!
* * * LOW HITPOINT WARNING * * *
The elephant closely misses you.
The elephant trunk-slaps you but does no damage. 😱 HP[-22]
You take 22 damage, and now have 24/135 hp.
You completely miss the komodo dragon. The elephant barely misses you.
The elephant closely misses you.
The elephant tramples you but does no damage.
The elephant trunk-slaps you but does no damage.
The komodo dragon bites you.
* * * LOW HITPOINT WARNING * * *
The elephant barely misses you.
The elephant trunk-slaps you but does no damage. 😱 HP[-3]
You take 3 damage, and now have 21/135 hp.
Unknown command.
You hit the komodo dragon but do no damage.
The elephant tramples you.
* * * LOW HITPOINT WARNING * * *
You stumble backwards!
The elephant tramples you.
* * * LOW HITPOINT WARNING * * *
You hold your ground!
The elephant trunk-slaps you but does no damage.
The elephant barely misses you. x2 😱 HP[-7]
You take 7 damage, and now have 14/135 hp.
You punch the komodo dragon! You punch the komodo dragon.
You redirect the elephant's attack!
The elephant tramples the elephant.
The elephant holds its ground!
The elephant trunk-slaps the elephant but does no damage.
The elephant tramples you but does no damage.
The elephant closely misses you.
The komodo dragon bites you but does no damage.
The elephant tramples you.
* * * LOW HITPOINT WARNING * * *
You stumble backwards!
The elephant tramples you.
* * * LOW HITPOINT WARNING * * *
You stumble backwards!
The komodo dragon completely misses you. 😱 HP[-6] MP[+1]
You take 6 damage, and now have 8/135 hp.
You barely miss the komodo dragon. The komodo dragon closely misses you.
Unknown command.
You hit the komodo dragon but do no damage.
The elephant tramples you but does no damage.
The elephant trunk-slaps you but does no damage.
The komodo dragon bites you!
You die...

Skill      XL: |  1  2  3  4  5  6  7  8  9 10 11 12 13 |
---------------+----------------------------------------+-----
Transmutations | 3 4 5 6 7 9 10 11 12 | 12.0
Poison Magic   | 1 |  1.8
Spellcasting   | 3 4 5 6 7 |  7.7
Unarmed Combat | 4 5 6 8 9 10 | 10.6
Ice Magic      | 1 1 2 4 |  4.2
Dodging        | 3 4 5 |  5.8
Fighting       | 3 5 6 |  6.6
Earth Magic    | 5 11 12 | 12.0

Action                   |  1- 3 |  4- 6 |  7- 9 | 10-12 | 13-15 || total
-------------------------+-------+-------+-------+-------+-------++-------
Melee: Unarmed           |    66 |   330 |   292 |   474 |   162 ||  1324
       Kick              |     6 |    22 |       |       |       ||    28
       Headbutt          |     4 |    17 |       |       |       ||    21
       Tailslap          |     4 |    42 |     4 |    17 |    37 ||   104
       Punch             |     1 |    17 |     1 |     3 |    17 ||    39
 Cast: Beastly Appendage |    12 |    16 |     1 |     1 |     2 ||    32
       Spider Form       |     1 |    23 |    17 |     1 |       ||    42
       Ice Form          |       |     1 |    23 |    38 |       ||    62
       Wereblood         |       |       |     2 |    13 |     3 ||    18
       Statue Form       |       |       |       |    11 |    13 ||    24
Invok: Reject Sacrifices |       |       |       |     1 |       ||     1
       Sacrifice Purity  |       |       |       |     2 |       ||     2
 Abil: Breathe Fire      |       |       |     9 |     2 |       ||    11
       End Transformatio |       |       |     4 |     1 |       ||     5
  Use: Scroll            |       |     9 |     5 |    10 |       ||    24
       Potion            |       |     4 |     1 |     2 |       ||     7
 Stab: Sleeping          |     2 |     1 |     1 |       |       ||     4
       Invisible         |       |     2 |       |       |       ||     2
       Distracted        |       |       |       |       |     1 ||     1
Armor: Skin              |    20 |    37 |    97 |   194 |   163 ||   511
Dodge: Dodged            |    37 |   138 |   183 |   287 |   201 ||   846

Levels and vault maps discovered:
D:1:      psy_arrival_whirlpool, layout_basic,
          dreamdust_ecumenical_altar_angels_and_demons
D:2:      layout_loops_ring, uniq_crazy_yiuf_cottage
D:3:      layout_basic, serial_forest, infiniplex_forest_corner_1,
          infiniplex_forest_lined_2, infiniplex_forest_lined_room_3,
          infiniplex_forest_lined_2, infiniplex_forest_lined_4_way,
          infiniplex_forest_fountain, infiniplex_forest_clump_C,
          infiniplex_forest_clump_double
D:4:      cheibrodos_thug_alley, layout_basic, kennysheep_little_box,
          ebering_ghost_rock_garden, minmay_misc_feat_pillars
D:5:      layout_cave_pools, lemuel_coloured_pillars_altar
D:6:      layout_basic, tso_metal_star, minmay_temple_entry_glassed_door,
          serial_demonic, serial_demonic_a, serial_demonic_g, serial_demonic_a,
          serial_demonic_g, serial_demonic_c, serial_demonic_g,
          serial_demonic_g, serial_demonic_f, serial_demonic_b, serial_demonic_d
D:7:      layout_loops_ring, uniq_menkaure
D:8:      layout_basic, nrook_mini_vaults, grunt_ministairs_11,
          dreamdust_wishing_well, uniq_grum, uniq_psyche, uniq_maurice
D:9:      layout_stronghold, nicolae_uskayaw_dance_studio, enter_bailey_4,
          serial_rivers, chequers_serial_rivers_small_3,
          chequers_serial_rivers_micro_b, chequers_serial_rivers_micro_b,
          chequers_serial_rivers_large_a, serial_shops, shop_fountains,
          grunt_ministairs_15
D:10:     layout_stronghold, kennysheep_mini, uniq_harold, uniq_gastronok
D:11:     layout_loops_ring, lair_entry_dummy, erik_orc_3,
          nicolae_shop_firing_range, uniq_sonja
D:12:     layout_cross
D:13:     layout_irregular_city, grunt_vaults_entry_fortified, serial_shops,
          nicolae_take_the_stairs
Temple:   sentei_temple_godly_chess
Lair:1:   layout_loops_ring, kennysheep_snail_temple, lemuel_fruit_fields,
          grunt_megastairs_1, uniq_amaemon
Lair:2:   layout_chaotic_city, minmay_snake_entry_six_corridors,
          serial_bayou_lagoon_b
Lair:3:   layout_regular_city, minmay_swamp_entry_worms

Notes
Turn   | Place    | Note
-------+----------+-------------------------------------------
     0 | D:1      | kae the Draconian Transmuter began the quest for the Orb.
     0 | D:1      | Reached XP level 1. HP: 16/16 MP: 3/3
     0 | D:1      | magus.rc [v1.11.3]
   201 | D:1      | Reached XP level 2. HP: 20/23 MP: 3/5
   237 | D:1      | Found a faded altar of an unknown god.
   862 | D:2      | Learned a level 2 spell: Wereblood
  1050 | D:2      | Found a runed translucent door.
  1051 | D:2      | Noticed Crazy Yiuf
  1252 | D:2      | Reached XP level 3. HP: 28/28 MP: 6/6
  1256 | D:2      | Learned a level 3 spell: Spider Form
  1368 | D:2      | Reached skill level 3 in Transmutations
  1377 | D:2      | Reached skill level 1 in Poison Magic
  1377 | D:2      | Reached XP level 4. HP: 17/35 MP: 3/8
  1378 | D:2      | HP: 8/35 [orc/+0 hand axe (4)]
  1906 | D:3      | Found the +4 robe of Augmentation {Str+4 Int+4 Dex+4}
  2422 | D:3      | HP: 7/35 [poisoned by a gnoll]
  2425 | D:3      | HP: 3/35 [poisoned by a gnoll]
  2430 | D:3      | HP: 1/52 [poisoned by a gnoll]
  2434 | D:3      | Reached skill level 3 in Spellcasting
  2434 | D:3      | Reached XP level 5. HP: 2/40 MP: 7/9
  3333 | D:4      | Learned a level 4 spell: Ice Form
  3380 | D:4      | Found a runed translucent gate.
  3381 | D:4      | Found a runed translucent gate.
  3381 | D:4      | Found a runed translucent gate.
  3384 | D:4      | Noticed crasatator's ghost (novice OpFi)
  3481 | D:4      | Reached skill level 4 in Unarmed Combat
  3940 | D:4      | HP: 10/40 [kobold brigand/+1 dagger of speed (4)]
  3942 | D:4      | Reached skill level 1 in Ice Magic
  3942 | D:4      | Reached XP level 6. HP: 12/47 MP: 7/11
  4352 | D:4      | Reached skill level 4 in Transmutations
  4481 | D:4      | Found a bloodstained altar of Trog.
  4721 | D:5      | Entered Level 5 of the Dungeon
  4858 | D:5      | Found an iron altar of Okawaru.
  4936 | D:5      | You pick up a book of Sloth and begin reading...
  4936 | D:5      | You add the spells Petrify, Metabolic Englaciation and
                  | Statue Form to your library.
  5157 | D:5      | Reached skill level 2 in Ice Magic
  5178 | D:5      | Noticed an ice beast
  5204 | D:5      | Killed an ice beast
  5205 | D:5      | Your scales start taking on a fiery red colour.
  5205 | D:5      | Reduced skill Ice Magic to level 1
  5205 | D:5      | Reached XP level 7. HP: 42/52 MP: 8/12
  5205 | D:5      | Gained mutation: Your flesh is heat resistant. (rF+) [Red
                  | Draconian growth]
  5359 | D:5      | Reached skill level 2 in Ice Magic
  5604 | D:5      | Identified the +1 robe "Zuntuh" {Fly Will+++ Str-2 Slay+3}
  5660 | D:6      | Reached skill level 4 in Spellcasting
  5945 | D:6      | Reached skill level 5 in Unarmed Combat
  6421 | D:6      | Noticed a steam dragon
  6424 | D:6      | Found a glowing golden altar of the Shining One.
  6442 | D:6      | Reached skill level 5 in Transmutations
  6494 | D:6      | Reached XP level 8. HP: 59/59 MP: 14/14
  6615 | D:6      | Reached skill level 3 in Ice Magic
  6739 | D:6      | Found a staircase to the Ecumenical Temple.
  6895 | Temple   | Entered the Ecumenical Temple
  6950 | Temple   | Became a worshipper of Ru the Awakened
  7159 | D:7      | Reached skill level 5 in Spellcasting
  7174 | D:7      | Reached skill level 6 in Unarmed Combat
  7419 | D:7      | You pick up a book of Power and begin reading...
  7419 | D:7      | You add the spells Iskenderun's Battlesphere, Iron Shot and
                  | Spellforged Servitor to your library.
  7467 | D:7      | Noticed Menkaure
  7589 | D:7      | Killed Menkaure
  7654 | D:7      | Reached skill level 6 in Transmutations
  7760 | D:7      | Reached skill level 4 in Ice Magic
  8015 | D:7      | Reached XP level 9. HP: 59/64 MP: 14/17
  8313 | D:8      | Noticed Maurice
  8490 | D:8      | Killed Maurice
  8491 | D:8      | Reached skill level 2 in Dodging
  8491 | D:8      | Reached skill level 7 in Unarmed Combat
  8640 | D:8      | Reached skill level 2 in Fighting
  8667 | D:8      | Noticed Psyche
  8684 | D:8      | Killed Psyche
  8685 | D:8      | Reached skill level 6 in Spellcasting
  8685 | D:8      | Reached skill level 7 in Transmutations
  9610 | D:8      | Reached skill level 3 in Fighting
  9610 | D:8      | Reached skill level 3 in Dodging
  9938 | D:8      | Noticed Grum
  9947 | D:8      | Killed Grum
  9948 | D:8      | Reached skill level 8 in Unarmed Combat
  9949 | D:8      | Reached XP level 10. HP: 69/77 MP: 14/19
 10347 | D:9      | Reached skill level 8 in Transmutations
 10835 | D:9      | Reached skill level 4 in Fighting
 11106 | D:9      | Found a hide-covered altar of Uskayaw.
 11221 | D:9      | You pick up a book of Beasts and begin reading...
 11221 | D:9      | You add the spells Summon Ice Beast, Summon Mana Viper and
                  | Monstrous Menagerie to your library.
 11256 | D:9      | Found Temep's Distillery.
 11323 | D:9      | Reached skill level 4 in Dodging
 11458 | D:9      | Noticed a two-headed ogre
 11475 | D:9      | HP: 19/96 [killer bee[a centaur] (6)]
 11480 | D:9      | HP: 13/96 [poisoned by a killer bee]
 12218 | D:10     | Entered Level 10 of the Dungeon
 12227 | D:10     | Noticed Gastronok
 12243 | D:10     | Killed Gastronok
 12244 | D:10     | Reached skill level 9 in Unarmed Combat
 12244 | D:10     | Reached skill level 7 in Spellcasting
 12244 | D:10     | Reached skill level 9 in Transmutations
 12391 | D:10     | Found a hazy altar of Hepliaklqana.
 12556 | D:10     | Reached skill level 5 in Fighting
 12646 | D:10     | Reached XP level 11. HP: 86/86 MP: 17/21
 12709 | D:10     | Noticed Harold
 12728 | D:10     | Killed Harold
 13728 | D:11     | You pick up a book of Callings and begin reading...
 13728 | D:11     | You add the spells Summon Small Mammal, Call Canine
                  | Familiar and Summon Guardian Golem to your library.
 13743 | D:11     | Found Hoeplown's Firing Range.
 14027 | D:11     | Reached skill level 5 in Dodging
 14086 | D:11     | Noticed Sonja
 14090 | D:11     | Gained mutation: You are dopey. (Int -2) [Ru sacrifice]
 14105 | D:11     | Killed Sonja
 14106 | D:11     | Reached skill level 10 in Unarmed Combat
 14316 | D:11     | Noticed a centaur warrior
 14329 | D:11     | Killed a centaur warrior
 14330 | D:11     | Reached skill level 10 in Transmutations
 14336 | D:11     | Found a staircase to the Orcish Mines.
 14449 | D:11     | Reached skill level 6 in Fighting
 14767 | D:11     | Found a staircase to the Lair.
 14941 | D:11     | Learned a level 6 spell: Statue Form
 15099 | D:12     | Noticed a brown ugly thing
 15103 | D:12     | Reached skill level 1 in Earth Magic
 15111 | D:12     | Killed a brown ugly thing
 15112 | D:12     | Reached skill level 2 in Earth Magic
 15326 | D:12     | Reached skill level 3 in Earth Magic
 15538 | D:12     | Reached skill level 4 in Earth Magic
 15747 | D:12     | Reached skill level 5 in Earth Magic
 16125 | D:13     | Noticed a two-headed ogre
 16125 | D:13     | Noticed a tengu warrior
 16136 | D:13     | Killed a two-headed ogre
 16137 | D:13     | Reached XP level 12. HP: 96/96 MP: 11/23
 16246 | D:13     | Noticed a two-headed ogre
 16255 | D:13     | Killed a two-headed ogre
 16256 | D:13     | Reached skill level 6 in Earth Magic
 16313 | D:13     | Noticed a boulder beetle
 16345 | D:13     | Killed a boulder beetle
 16356 | D:13     | Gained mutation: You occasionally shout uncontrollably at
                  | your foes. [Ru sacrifice]
 16356 | D:13     | Reached * piety under Ru
 16442 | D:13     | Found Kokham's Assorted Antiques.
 16477 | D:13     | Noticed a vault guard
 16538 | Lair:1   | Entered Level 1 of the Lair of Beasts
 16547 | Lair:1   | Reached skill level 7 in Earth Magic
 16811 | Lair:1   | You pick up a book of Debilitation and begin reading...
 16811 | Lair:1   | You add the spells Slow, Vampiric Draining and Confusing
                  | Touch to your library.
 16846 | Lair:1   | Reached skill level 8 in Earth Magic
 16871 | Lair:1   | Noticed a catoblepas
 16878 | Lair:1   | Killed a catoblepas
 16955 | Lair:1   | Reached skill level 9 in Earth Magic
 17065 | Lair:1   | Noticed Amaemon
 17082 | Lair:1   | Killed Amaemon
 17357 | Lair:1   | Found a snail-covered altar of Cheibriados.
 17385 | Lair:1   | Reached skill level 10 in Earth Magic
 17545 | Lair:1   | Identified a potion of experience
 17548 | Lair:1   | Reached skill level 11 in Transmutations
 17548 | Lair:1   | Reached skill level 11 in Earth Magic
 17548 | Lair:1   | Reached XP level 13. HP: 102/102 MP: 24/24
 17940 | Lair:2   | Found a staircase to the Snake Pit.
 17959 | Lair:2   | Reached skill level 12 in Transmutations
 18056 | Lair:2   | Reached skill level 12 in Earth Magic
 18686 | Lair:3   | HP: 24/135 [komodo dragon (22)]
 18689 | Lair:3   | HP: 9/135 [elephant (6)]
 18692 | Lair:3   | Slain by a komodo dragon

Vanquished Creatures
  Gastronok (D:10)
  Harold (D:10)
  A centaur warrior (D:11)
  A boulder beetle (D:13)
  A catoblepas (Lair:1)
  2 two-headed ogres (D:13)
  Amaemon (Lair:1)
  Sonja (D:11)
  An ugly thing (D:12)
  Maurice (D:8)
  2 elephants (Lair:3)
  4 black mambas (Lair:2)
  3 torpor snails (Lair:1)
  2 cane toads
  An orange demon (Lair:1)
  A rime drake (Lair:2)
  Psyche (D:8)
  A komodo dragon (Lair:2)
  6 trolls
  A polar bear (Lair:2)
  2 hornets
  3 dream sheep (Lair:1)
  9 blink frogs (Lair:1)
  8 slime creatures (D:12)
  A vampire (D:10)
  2 basilisks
  Grum (D:8)
  3 wyverns
  28 yaks
  3 steam dragons
  Menkaure (D:7)
  2 wargs (D:11)
  12 water moccasins
  6 orc warriors
  2 ice beasts
  6 wolves
  3 centaurs
  A phantom (D:6)
  2 kobold brigands
  9 bullfrogs
  2 gnoll sergeants
  3 scorpions (D:6)
  A necrophage (D:8)
  7 wights (D:7)
  9 killer bees
  8 howler monkeys
  An electric eel (Lair:2)
  3 hounds
  6 orc priests
  2 gnoll boudas
  4 jellies
  5 iguanas
  9 orc wizards
  31 gnolls
  5 adders
  5 shadow imps
  A white imp (D:6)
  5 ufetubi
  2 worms (D:4)
  A dart slug (D:4)
  41 orcs
  7 ball pythons
  4 bats
  8 endoplasms
  2 giant cockroaches
  11 goblins
  9 hobgoblins
  3 jackals (D:5)
  2 quokkas (D:4)
  2 frilled lizards (D:2)
  15 kobolds
  2 rats
  A bush (D:3)
354 creatures vanquished.

Vanquished Creatures (others)
  2 demonic plants (D:6)
  10 fungi
  23 plants
35 creatures vanquished.

Grand Total: 389 creatures vanquished

Table legend:
 A = Non-vault XP
 B = Vault XP
 C = Vault XP percentage of total XP
 D = Non-vault monster count
 E = Vault monster count
 F = Vault count percentage of total count
                 A         B        C        D         E       F
            +---------+---------+-------+---------+---------+-------
      Total |   30539 |    9974 |  24.6 |     275 |      78 |  22.1
            +---------+---------+-------+---------+---------+-------
        D:1 |      17 |       0 |   0.0 |      10 |       0 |   0.0
        D:2 |     125 |       0 |   0.0 |      24 |       0 |   0.0
        D:3 |      67 |       0 |   0.0 |      12 |       0 |   0.0
        D:4 |     155 |     109 |  41.3 |      18 |       8 |  30.8
        D:5 |     402 |       0 |   0.0 |      17 |       0 |   0.0
        D:6 |     895 |      75 |   7.7 |      13 |       8 |  38.1
        D:7 |    1042 |     172 |  14.2 |      21 |       1 |   4.5
        D:8 |    1505 |    1512 |  50.1 |      31 |      10 |  24.4
        D:9 |    2179 |     350 |  13.8 |      14 |      13 |  48.1
       D:10 |    2459 |    2313 |  48.5 |      21 |       2 |   8.7
       D:11 |    3055 |    1553 |  33.7 |      19 |      23 |  54.8
       D:12 |    3337 |       0 |   0.0 |      15 |       0 |   0.0
       D:13 |    2545 |       0 |   0.0 |       8 |       0 |   0.0
     Lair:1 |    5297 |    2147 |  28.8 |      19 |       5 |  20.8
     Lair:2 |    6432 |    1743 |  21.3 |      31 |       8 |  20.5
     Lair:3 |    1027 |       0 |   0.0 |       2 |       0 |   0.0
            +---------+---------+-------+---------+---------+-------

Illustrated notes

Table legend:
 A = Kills in this place as a percentage of kills in entire the game.
 B = Kills by you in this place as a percentage of kills by you in the entire game.
 C = Kills by friends in this place as a percentage of kills by friends in the entire game.
 D = Other kills in this place as a percentage of other kills in the entire game.
 E = Experience gained in this place as a percentage of experience gained in the entire game.
 F = Experience gained in this place divided by the number of levels of this place that you have seen.
                   A       B       C       D       E      F
               +-------+-------+-------+-------+-------+----------------------
         Total | 100.0 | 100.0 |   N/A |   N/A | 100.0 | 2383.1
       Dungeon |  81.6 |  81.6 |   N/A |   N/A |  58.9 | 1835.9
          Lair |  18.4 |  18.4 |   N/A |   N/A |  41.1 | 5548.7
               +-------+-------+-------+-------+-------+----------------------

Table legend: (Time is in decaauts)
 A = Elapsed time spent in this place.
 B = Non-inter-level travel time spent in this place.
 C = Inter-level travel time spent in this place.
 D = Time resting spent in this place.
 E = Time spent auto-exploring this place.
 F = Levels seen in this place.
 G = Mean time per level.
                   A        B        C        D        E       F      G
               +--------+--------+--------+--------+--------+-----+--------+
         Total |  19018 |  18271 |    747 |   1201 |  14055 |  17 | 1118.7 |
       Dungeon |  16429 |  15783 |    646 |   1201 |  12085 |  13 | 1263.8 |
        Temple |     61 |     56 |      5 |      0 |     51 |   1 |   61.0 |
          Lair |   2527 |   2432 |     95 |      0 |   1918 |   3 |  842.3 |
               +--------+--------+--------+--------+--------+-----+--------+

Top non-repeatable levels by time:
     D:9: 1918 daAuts
     D:8: 1726 daAuts
     D:4: 1582 daAuts
    D:10: 1469 daAuts
    D:11: 1396 daAuts
     D:6: 1395 daAuts
     D:7: 1323 daAuts
  Lair:2: 1251 daAuts
  Lair:1: 1241 daAuts
     D:3: 1213 daAuts
     D:2: 1057 daAuts
    D:12: 1044 daAuts
     D:5: 1041 daAuts
     D:1: 857 daAuts
    D:13: 402 daAuts
